 Dungeon Crawl Stone Soup version 0.31-a0-1147-g46bab52692 (webtiles) character file.

Game seed: 13954290801921671833

2853 plaop the Grappler (level 9, -14/102 HPs)
             Began as a Yellow Draconian Shapeshifter on Dec 7, 2023.
             Was a Follower of Cheibriados.
             Demolished by a two-headed ogre
             ... wielding a +0 giant club
              (20 damage)
             ... on level 10 of the Dungeon.
             The game lasted 00:08:23 (5228 turns).

plaop the Grappler (Yellow Draconian Shapeshifter)  Turns: 5228, Time: 00:08:23

Health: -14/102    AC: 24    Str: 18    XL:     9   Next: 46%
Magic:  11/11      EV:  2    Int: 19    God:    Cheibriados [*.....]
Gold:   1318       SH:  0    Dex: 17    Spells: 8/8 levels left

rFire   . .          .
                       - Unarmed
rCold   . . .        (no shield)
rNeg    . . .        (body armour unavailable)
rPois   +            (helmet currently unavailable)
rElec   .            (cloak currently unavailable)
rCorr   .            (gloves currently unavailable)
SInv    .            (boots currently unavailable)
Will    .....        i - amulet of regeneration
Stlth   ++           l - +5 ring of evasion
HPRegen 1.17/turn    x - +6 ring of intelligence
MPRegen 0.12/turn

%: no passive effects
@: tree-form, very slow
A: stationary, stasis, torment immunity, boosted hp, (spit acid), AC +7,
unfitting armour, (cold-blooded), (acid resistance)
a: Renounce Religion, Bend Time


You were on level 10 of the Dungeon.
You worshipped Cheibriados.
Cheibriados was aware of your devotion.
You were a tree.
You visited 2 branches of the dungeon, and saw 9 of its levels.
You also visited: Ossuary.

You collected 1318 gold pieces.

Inventory:

Jewellery
 i - an amulet of regeneration (around neck)
 l - a +5 ring of evasion (left branch)
 x - a +6 ring of intelligence (right branch)
 C - a ring of wizardry
Talismans
 b - a beast talisman
 c - a flux talisman
Scrolls
 k - 2 scrolls of noise
 m - 4 scrolls of teleportation
 q - 2 scrolls of revelation
 u - 4 scrolls of vulnerability
 v - a scroll of silence
 y - a scroll of enchant armour
 A - a scroll of enchant weapon
 B - a scroll of immolation
Potions
 a - 2 potions of lignification
 d - 3 potions of attraction
 e - a potion of resistance
 f - 3 potions of degeneration {unknown}
 g - 4 potions of enlightenment {unknown}
 h - 3 potions of curing {unknown}
 n - 2 potions of magic {unknown}
 o - 3 potions of heal wounds {unknown}
 p - 5 potions of might {unknown}
 r - 3 potions of brilliance {unknown}
 w - 2 potions of haste {unknown}
 D - a potion of invisibility {unknown}
 E - a potion of mutation {unknown}


   Skills:
 + Level 2.9 Fighting
 + Level 5.5 Dodging
 + Level 2.9 Stealth
 + Level 9.9 Unarmed Combat
 * Level 3.1 Invocations
 + Level 1.0 Evocations
 + Level 5.2 Shapeshifting


You had 8 spell levels left.
You didn't know any spells.
Your spell library contained the following spells:

 Spells                   Type           Power      Damage    Failure   Level
 Apportation              Tloc           0%         N/A       21%         1
 Necrotise                Necr           0%         1d4       21%         1
 Summon Small Mammal      Summ           0%         N/A       21%         1
 Call Canine Familiar     Summ           0%         N/A       52%         3
 Stone Arrow              Conj/Erth      0%         3d7       52%         3
 Summon Guardian Golem    Hex/Summ       0%         N/A       52%         3
 Lehudib's Crystal Spear  Conj/Erth      0%         10d2      100%        8
 Animate Armour           Summ/Erth      Unusable   N/A       N/A         4

Dungeon Overview and Level Annotations

Branches:
Dungeon (7/15)             Temple (1/1) D:5         Ossuary (visited)

Altars:
Ashenzari
Cheibriados
Dithmenos
Elyvilon
Fedhas
Hepliaklqana
Makhleb
Nemelex Xobeh
Okawaru
Qazlal
Ru
Sif Muna
Trog
Uskayaw
Vehumet
Wu Jian
Yredelemnul
Zin
The Shining One

Shops:
D:4 *=[


Innate Abilities, Weirdness & Mutations

You are a tree.
Your roots penetrate the ground, keeping you stationary.
You cannot be teleported.
You are immune to unholy pain and torment.
Your maximum health is greatly increased.
Your equipment is partially melded.
((You can spit globs of acid.))
((Your golden yellow scales are hard. (AC +7)))
You cannot fit into any form of body armour.
((You are cold-blooded and may be slowed by cold attacks.))
((You are resistant to acid. (rCorr)))


Message History

The two-headed ogre hits you with a +0 giant club.
The two-headed ogre hits you with a +0 dire flail!
As you read the scroll of fog, it dissolves into smoke.
Something draws life force from you!
* * * LOW HITPOINT WARNING * * *
Unknown command.
Unknown command.
Unknown command.
You cannot move.
You cannot move.
You cannot move.
You cannot move.
You cannot move.
You hit something. You punch something. Something hits you but does no damage.
Something bites you but does no damage.
The two-headed ogre hits you with a +0 giant club.
* * * LOW HITPOINT WARNING * * *
The two-headed ogre hits you but does no damage.
You barely miss the two-headed ogre. Something hits you.
* * * LOW HITPOINT WARNING * * *
Something bites you but does no damage.
You hit the two-headed ogre.
The two-headed ogre is lightly wounded.
The two-headed ogre hits you with a +0 giant club!
* * * LOW HITPOINT WARNING * * *
The two-headed ogre hits you but does no damage.
Something hits you but does no damage. Something bites you.
* * * LOW HITPOINT WARNING * * *
Something draws strength from your injuries!
A two-headed ogre is nearby!
A two-headed ogre is nearby!
A two-headed ogre is nearby!
A two-headed ogre is nearby!
You hit the two-headed ogre but do no damage.
The two-headed ogre is lightly wounded.
You pummel the two-headed ogre!!
The two-headed ogre is heavily wounded.
Something hits you but does no damage. Something bites you but does no damage.
The two-headed ogre hits you with a +0 giant club!!
You die...

#......##
#.....##
#...### #...#
##..# #.##
#§# ####§##
#.§§♣§#
#...§§{O#
#._.§§§§#
#.........
#....⌠.._..
#...........
##...........
#?.._......#.


You could see a two-headed ogre.

Vanquished Creatures
  An acid dragon (D:6)
  A water moccasin (D:5)
  A sky beast (D:6)
  2 black bears (D:6)
  An ice beast (D:6)
  2 ogres
  A phantom (D:5)
  Blork the orc (D:4)
  4 wyvern zombies (Ossuary)
  6 scorpions
  A gnoll sergeant (D:6)
  2 water moccasin zombies (Ossuary)
  3 wights (D:6)
  2 bullfrog zombies (Ossuary)
  A centaur zombie (Ossuary)
  2 hounds (D:5)
  2 jellies (D:5)
  2 orc priests
  A sleepcap (D:5)
  Jessica (D:2)
  13 mummies (Ossuary)
  3 iguanas
  2 orc wizards
  3 howler monkey zombies (Ossuary)
  Robin (D:3)
  4 gnolls
  8 adders
  A white imp (D:5)
  A worm (D:2)
  16 orcs
  9 bats
  3 endoplasms
  13 giant cockroaches
  18 goblins
  7 hobgoblins
  10 jackals
  2 quokkas
  5 ball pythons
  3 frilled lizards
  4 kobolds
  7 rats
170 creatures vanquished.

Notes
Turn   | Place    | Note
-------+----------+-------------------------------------------
     0 | D:1      | plaop the Draconian Shapeshifter began the quest for the
                  | Orb.
     0 | D:1      | Reached XP level 1. HP: 16/16 MP: 1/1
   109 | D:1      | Reached XP level 2. HP: 22/23 MP: 2/2
   277 | D:1      | Reached XP level 3. HP: 28/28 MP: 3/3
   768 | D:2      | Found a faded altar of an unknown god.
  1055 | D:2      | Reached XP level 4. HP: 35/35 MP: 4/4
  1072 | D:2      | Noticed Jessica
  1081 | D:2      | Killed Jessica
  1082 | D:2      | Reached skill level 1 in Stealth
  1082 | D:2      | Reached skill level 4 in Unarmed Combat
  1487 | D:3      | Found a broken altar of Ashenzari.
  1487 | D:3      | Identified the +2 helmet "Odu Jufo" {Rampage rF+++ Int+4
                  | Dex-2}
  1487 | D:3      | Noticed Robin
  1548 | D:3      | Killed Robin
  1569 | D:3      | Reached XP level 5. HP: 40/40 MP: 5/5
  2001 | D:4      | Found Vargho's General Store.
  2001 | D:4      | Found Ebiothon's Jewellery Shop.
  2001 | D:4      | Found Vip Tyamp's Antique Armour Shop.
  2057 | D:4      | Found a basalt altar of Yredelemnul.
  2122 | D:4      | Found a hide-covered altar of Uskayaw.
  2210 | D:4      | Reached skill level 5 in Unarmed Combat
  2284 | D:4      | Noticed an ogre
  2288 | D:4      | Killed an ogre
  2289 | D:4      | Reached XP level 6. HP: 47/47 MP: 6/6
  2369 | D:4      | Noticed Blork the orc
  2378 | D:4      | Killed Blork the orc
  2390 | D:4      | Found a shimmering blue altar of Sif Muna.
  2443 | D:4      | Found Bocwout's Vocational Training.
  2867 | D:5      | Entered Level 5 of the Dungeon
  2897 | D:5      | Your scales start taking on a golden yellow colour.
  2897 | D:5      | Reached XP level 7. HP: 45/53 MP: 7/7
  2897 | D:5      | Gained mutation: You are resistant to acid. (rCorr) [Yellow
                  | Draconian growth]
  2917 | D:5      | Reached skill level 6 in Unarmed Combat
  2983 | D:5      | Reached skill level 1 in Evocations
  3194 | D:5      | Found a sand-covered staircase.
  3203 | Ossuary  | Entered an ossuary
  3227 | Ossuary  | Reached skill level 7 in Unarmed Combat
  3272 | Ossuary  | Reached XP level 8. HP: 52/61 MP: 8/8
  3393 | Ossuary  | Reached skill level 8 in Unarmed Combat
  3602 | Ossuary  | Reached skill level 5 in Dodging
  3788 | D:5      | Found a staircase to the Ecumenical Temple.
  3987 | Temple   | Entered the Ecumenical Temple
  4006 | Temple   | Became a worshipper of Cheibriados the Contemplative
  4093 | D:5      | Reached skill level 1 in Invocations
  4357 | D:6      | Reached skill level 9 in Unarmed Combat
  4357 | D:6      | Reached XP level 9. HP: 60/68 MP: 8/10
  4426 | D:6      | Reached skill level 5 in Shapeshifting
  4437 | D:6      | Identified the +3 war axe "Zirieq" {heavy, Int+3}
  4630 | D:6      | Reached * piety under Cheibriados
  4676 | D:6      | Found a glowing golden altar of the Shining One.
  4676 | D:6      | Found a bloodstained altar of Trog.
  5076 | D:7      | You fall into a shaft and drop 3 floors!
  5076 | D:10     | Entered Level 10 of the Dungeon
  5131 | D:10     | Found a radiant altar of Vehumet.
  5133 | D:10     | Found a burning altar of Makhleb.
  5176 | D:10     | Identified a scroll of acquirement
  5185 | D:10     | Acquired 1004 gold pieces
  5205 | D:10     | Found a hazy altar of Hepliaklqana.
  5212 | D:10     | Noticed a two-headed ogre
  5226 | D:10     | HP: 5/102 [two-headed ogre/+0 giant club (14)]
  5228 | D:10     | Demolished by a two-headed ogre

Illustrated notes

Levels and vault maps discovered:
D:1:      nicolae_arrival_memento_mori, layout_rooms, minmay_misc_feat_iff
D:2:      minmay_roachtagon, layout_loops_ring,
          shapermc_ecumenical_altar_notcrosses, dk_noncrumbling_4, uniq_jessica
D:3:      layout_basic, nicolae_overflow_crystal_walls, uniq_robin
D:4:      layout_rooms, mainiacjoe_overflow_six_doors_small,
          nicolae_uskayaw_suspiria, tgw_sif, minmay_crystal_room,
          nicolae_shop_distant_corner_stores, st_stairs_1, columned_hall_lemuel,
          minmay_misc_feat_roman, nicolae_shop_vocational
D:5:      layout_basic, minmay_temple_entry_waves,
          lightli_ossuary_entry_decrepit_ruins
D:6:      layout_cave_pools, gammafunk_temple_overflow_statue
D:7:      layout_gridville, kennysheep_generic_room_15
D:10:     layout_layer_cave, grunt_temple_overflow_open
Temple:   nicolae_temple_two_arcs

Skill      XL: |  1  2  3  4  5  6  7  8  9 |
---------------+----------------------------+-----
Dodging        | 2 3 4 5 |  5.5
Stealth        | 1 2 |  2.9
Unarmed Combat | 4 5 7 9 |  9.9
Shapeshifting  | 4 5 |  5.2
Evocations     | 1 |  1.0
Fighting       | 2 |  2.9
Invocations    | 1 3 |  3.1

Action                     |  1- 3 |  4- 6 |  7- 9 || total
---------------------------+-------+-------+-------++-------
  Melee: Unarmed           |   119 |   173 |   327 ||   619
         Tailslap          |    12 |    21 |    56 ||    89
         Punch             |     5 |     4 |    17 ||    26
Ability: Breathe Acid      |       |       |     9 ||     9
  Evoke: Wand              |       |     8 |     4 ||    12
    Use: Scroll            |       |       |    14 ||    14
         Potion            |       |       |     1 ||     1
   Stab: Sleeping          |     2 |     2 |     2 ||     6
 Armour: Skin              |    71 |    64 |   165 ||   300
  Dodge: Dodged            |   135 |   100 |   233 ||   468

Table legend: (Time is in decaauts)
 A = Elapsed time spent in this place.
 B = Non-inter-level travel time spent in this place.
 C = Inter-level travel time spent in this place.
 D = Time resting spent in this place.
 E = Time spent auto-exploring this place.
 F = Levels seen in this place.
 G = Mean time per level.
                   A        B        C        D        E       F      G
               +--------+--------+--------+--------+--------+-----+--------+
         Total |   5525 |   5159 |    366 |      2 |   3826 |  10 |  552.5 |
       Dungeon |   5001 |   4648 |    353 |      2 |   3592 |   8 |  625.1 |
        Temple |     32 |     20 |     12 |      0 |      0 |   1 |   32.0 |
       Ossuary |    491 |    491 |      0 |      0 |    233 |   1 |  491.0 |
               +--------+--------+--------+--------+--------+-----+--------+

Top non-repeatable levels by time:
     D:5: 1052 daAuts
     D:4: 822 daAuts
     D:2: 810 daAuts
     D:6: 703 daAuts
     D:3: 683 daAuts
     D:1: 531 daAuts
 Ossuary: 491 daAuts
     D:7: 206 daAuts
    D:10: 191 daAuts
  Temple: 32 daAuts
